 Dungeon Crawl Stone Soup version 0.25-a0-97-g19cdb01 (webtiles) character file.

Game seed: 2261017652133173485, levelgen mode: deterministic

23 silenth the Conjurer (level 2, 0/20 HPs)
             Began as a Demigod Conjurer on Nov 12, 2019.
             Slain by a kobold
             ... wielding a +0 dagger
              (3 damage)
             ... on level 1 of the Dungeon.
             The game lasted 00:00:49 (423 turns).

silenth the Conjurer (Demigod Conjurer)              Turns: 423, Time: 00:00:49

Health: 0/20       AC:  2    Str: 11    XL:     2   Next: 57%
Magic:  1/7        EV: 12    Int: 19    God:
Gold:   8          SH:  0    Dex: 16    Spells: 4/5 levels left

rFire    . . .     SeeInvis .   b - +0 dagger
rCold    . . .     Gourm    .   (no shield)
rNeg     . . .     Faith    .   a - +0 robe
rPois    .         Spirit   .   (no helmet)
rElec    .         Reflect  .   (no cloak)
rCorr    .         Harm     .   (no gloves)
MR       .....                  (no boots)
Stlth    +.........             (no amulet)
HPRegen  0.06/turn              c - ring of wizardry (curse)
MPRegen  0.10/turn              g - ring of attention (curse)

@: no status effects
A: high mp 1
a: no special abilities


You were on level 1 of the Dungeon.
You were not hungry.

You visited 1 branch of the dungeon, and saw 1 of its levels.

You collected 8 gold pieces.

Inventory:

Hand Weapons
 b - a +0 dagger (weapon)
Armour
 a - a +0 robe (worn)
Jewellery
 c - a cursed ring of wizardry (left hand)
 g - a cursed ring of attention (right hand)
Comestibles
 e - a ration


   Skills:
 - Level 1.7 Dodging
 - Level 1.7 Stealth
 + Level 2.1 Spellcasting
 * Level 4.2 Conjurations


You had 4 spell levels left.
You knew the following spells:

 Your Spells              Type           Power        Failure   Level  Hunger
a - Magic Dart            Conj           ###.         1%          1    #......

Your spell library contained the following spells:

 Spells                   Type           Power        Failure   Level  Hunger
 Searing Ray              Conj           ###...       1%          2    ##.....
 Dazzling Spray           Conj/Hex       ##....       9%          3    ###....
 Iskenderun's Mystic Bla  Conj           ###.....     12%         4    #####..
 Force Lance              Conj/Tloc      ##......     26%         4    #####..
 Fulminant Prism          Conj/Hex       ##........   26%         4    #####..


Dungeon Overview and Level Annotations

Branches:
Dungeon (1/15)


Innate Abilities, Weirdness & Mutations

You have an increased reservoir of magic. (+10% MP)


Message History

The jackal completely misses you.
Casting: Magic Dart (safe; 1% risk of failure)
Confirm with . or Enter, or press ? or * to list all spells.
Aiming: Magic Dart (safe; 1% risk of failure)
Press: ? - help, Shift-Dir - straight line, f/p - jackal
Aim: a jackal (moderately wounded)
The magic dart hits the jackal.
You kill the jackal!
The jackal closely misses you.
Casting: Magic Dart (safe; 1% risk of failure)
Confirm with . or Enter, or press ? or * to list all spells.
Aiming: Magic Dart (safe; 1% risk of failure)
Press: ? - help, Shift-Dir - straight line, f - jackal
Aim: a jackal The magic dart hits the jackal.
The jackal is lightly wounded.
The jackal bites you.
* * * LOW HITPOINT WARNING * * *
The kobold hits you with a +0 dagger.
You die...

##...## ###..###...## ##..(..##
##.≈.##.#..## #.8..(8.##
##.≈≈..####..# #.#.....#.##
#..≈≈≈..#.##.#. #...8...8...###
#..≈≈≈....#...#
+.?...$.....'.###.≈≈..≈≈≈.....#
#...8...8...#K##≈≈.≈..≈≈≈≈≈.≈.#
##.#.)...#.##h###....≈≈≈≈≈≈..##
##.8...8.###K@###.≈.≈≈≈≈≈≈≈.#
##.....##.?#.# #..≈≈≈.≈≈≈..#
##...####...#.#...≈≈.≈≈≈≈.#
##+# #...##..≈≈.≈<≈.≈≈.#
#...###.≈≈≈...≈.≈≈# ....#
#.≈≈≈≈≈≈≈≈..# #.#..#
#..≈≈≈≈≈≈≈.##
#.#..##...≈.≈≈≈≈.≈#
##.#..≈≈≈≈≈.≈.


You could see a jackal and 2 kobolds.

Vanquished Creatures
  An ooze (D:1)
  A dart slug (D:1)
  3 giant cockroaches (D:1)
  2 goblins (D:1)
  A jackal (D:1)
  2 ball pythons (D:1)
  A bat (D:1)
  2 frilled lizards (D:1)
  2 kobolds (D:1)
  2 rats (D:1)
17 creatures vanquished.

Notes
Turn   | Place    | Note
-------+----------+-------------------------------------------
     0 | D:1      | silenth the Demigod Conjurer began the quest for the Orb.
     0 | D:1      | Reached XP level 1. HP: 14/14 MP: 5/5
   242 | D:1      | Reached skill level 2 in Spellcasting
   301 | D:1      | Reached XP level 2. HP: 20/20 MP: 2/7
   393 | D:1      | Reached skill level 4 in Conjurations
   423 | D:1      | Slain by a kobold

Levels and vault maps discovered:
D:1:      dpeg_arrival_subterranean_lakeside_camping, layout_rooms,
          dk_noncrumbling_3

Skill      XL: |  1  2 |
---------------+-------+-----
Spellcasting   | 2 |  2.1
Conjurations   | 4 |  4.2
Dodging        | |  1.7
Stealth        | |  1.7

Action                   || total
-------------------------++-------
Melee: Dagger            ||    15
 Cast: Magic Dart        ||    29
  Use: Scroll            ||     2
Armor: Robe              ||    16
Dodge: Dodged            ||    40

Table legend:
 A = Non-vault XP
 B = Vault XP
 C = Vault XP percentage of total XP
 D = Non-vault monster count
 E = Vault monster count
 F = Vault count percentage of total count
                 A         B        C        D         E       F
            +---------+---------+-------+---------+---------+-------
      Total |      34 |       0 |   0.0 |      17 |       0 |   0.0
            +---------+---------+-------+---------+---------+-------
        D:1 |      34 |       0 |   0.0 |      17 |       0 |   0.0
            +---------+---------+-------+---------+---------+-------
